[Event "ICCopen2017"]
[Site "Internet Chess Club"]
[Date "2017.03.19"]
[Round "9"]
[White "arnav311004"]
[Black "CristianS"]
[Result "1-0"]
[ICCResult "Black forfeits on time"]
[WhiteElo "1702"]
[BlackElo "1981"]
[Opening "Ruy Lopez: Schliemann defense"]
[ECO "C63"]
[NIC "RL.06"]
[Time "20:49:36"]
[TimeControl "180+0"]

1. e4 e5 2. Nf3 Nc6 3. Bb5 f5 4. d3 fxe4 5. dxe4 Nf6 6. Nc3 Bb4 7. Bxc6 bxc6
8. Qd3 d6 9. O-O a5 10. Ne2 Be6 11. h3 O-O 12. Ng3 Nd7 13. Ng5 Nc5 14. Qe2
a4 15. Nxe6 Nxe6 16. Qc4 d5 17. Qxb4 Nd4 18. Qd2 dxe4 19. c3 e3 20. fxe3 Qh4
21. Kh2 Ne6 22. Qe2 Rxf1 23. Nxf1 Rf8 24. Bd2 h5 25. Ng3 Ng5 26. Qxh5 Qxh5
27. Nxh5 Ne4 28. Be1 Nd6 29. Ng3 Nc4 30. e4 Ne3 31. Rd1 Nc2 32. Kg1 Nxe1 33.
Rxe1 Rd8 34. Re2 Rd1+ 35. Kf2 Ra1 36. a3 Rc1 37. Nf1 g6 38. Ne3 Kf7 39. Nc4
Ke6 40. Ne3 Rb1 41. Rd2 c5 42. Nd1 c6 43. Ke2 Rc1 44. Kd3 Rb1 45. Kc4 Ra1
46. Kxc5 Rc1 47. Kxc6 g5 48. Kb5 g4 49. hxg4 Kf6 50. g5+
{Black forfeits on time}
1-0

[Event "ICCopen2017"]
[Site "Internet Chess Club"]
[Date "2017.03.19"]
[Round "9"]
[White "progre69"]
[Black "marinocid"]
[Result "1-0"]
[ICCResult "Black forfeits on time"]
[WhiteElo "2152"]
[BlackElo "1852"]
[Opening "Sicilian: Najdorf"]
[ECO "B90"]
[NIC "SI.14"]
[Time "20:49:37"]
[TimeControl "180+0"]

1. e4 c5 2. Nf3 d6 3. d4 cxd4 4. Nxd4 Nf6 5. Nc3 a6 6. a4 e6 7. Be3 Nc6 8.
Be2 Qc7 9. O-O Be7 10. g4 O-O 11. g5 Nd7 12. f4 Re8 13. Qe1 Bf8 14. h4 Rb8
15. Bf3 b6 16. h5 Nxd4 17. Bxd4 Bb7 18. Rf2 e5 19. Be3 exf4 20. Bxf4 Ne5 21.
Bh1 Rbc8 22. Qf1 Qc5 23. Nd5 Bxd5 24. exd5 Ng4 25. Bg3 Nxf2 26. Bxf2 Qxc2
27. Qxa6 Qxb2 28. Rf1 Ra8 29. Qb5 Qxb5 30. axb5 Ra5 31. Rb1 Rb8 32. Bg2 Be7
33. Be3 f6 34. gxf6 Bxf6 35. Bf1 Ra3 36. Bf2 Ra2 37. Bh3 Be5 38. Be6+ Kh8
39. Rc1 h6 40. Bh4 Ra5 41. Bd7 Rba8 42. Bc6 Ra1 43. Rxa1 Rxa1+ 44. Kg2 Ra4
45. Kh3 Bf6 46. Bg3 Be5 47. Bf2 Ra3+ 48. Kg2 Kg8 49. Bxb6 Kf7 50. Bc7 Kf6
51. b6 Rb3 52. b7 {Black forfeits on time} 1-0

[Event "ICCopen2017"]
[Site "Internet Chess Club"]
[Date "2017.03.19"]
[Round "9"]
[White "Shadeath"]
[Black "Alwaysontime"]
[Result "0-1"]
[ICCResult "White disconnected and forfeits"]
[WhiteElo "2816"]
[BlackElo "2218"]
[Opening "Sicilian defense"]
[ECO "B20"]
[NIC "SI.48"]
[Time "20:49:53"]
[TimeControl "180+0"]

1. e4 c5 2. Na3 Nc6 3. Bb5 g6 4. f4 Bg7 5. Nf3 Nf6 6. Bxc6 dxc6 7. d3 O-O 8.
h3 b6 9. O-O Bb7 10. Qe2 Nd7 11. Nc4 b5 12. Nce5 Nxe5 13. fxe5 Bxe5 14. Nxe5
Qd4+ 15. Qf2 Qxe5 16. Bf4 Qg7 17. Qxc5 Rfe8 18. d4 Red8 19. c3 Rd7 20. Rf3
Qf8 21. Raf1 e6 22. Bg5 Qxc5 23. dxc5 f5 24. Re1 Rf8 25. e5 Kf7 26. a4 bxa4
27. Ra1 Ba6 28. Rxa4 Be2 29. Re3 Bd3 30. Rd4 Rxd4 31. cxd4 Bc4 32. Rc3 Bd5
33. Ra3 Ra8 34. b4 a6 35. Kf2 Bc4 36. g4 Rb8 37. Bd2 Rb7 38. Kg3 Bb5 39. Kf4
Rd7 40. Be3 h6 41. h4 fxg4 42. Kxg4 Kg7 43. Ra1 Be2+ 44. Kg3 Rf7 45. Bf4 Bb5
46. Rc1 Rf5 47. Re1 g5 48. hxg5 hxg5 49. Bd2 Kg6 50. Rh1 Kg7 51. Rh5 Be2 52.
Rh2 Bb5 53. Rh1 Rf1 54. Rh2 Rg1+ 55. Kf2 Rf1+ 56. Ke3 g4 57. Rf2 Rxf2 58.
Kxf2 Kg6 59. Kg3 Kf5 60. Bh6 Ke4 61. Kxg4 Kxd4 62. Bg5 Kc3
{White disconnected and forfeits}
0-1

[Event "ICCopen2017"]
[Site "Internet Chess Club"]
[Date "2017.03.19"]
[Round "9"]
[White "Lzmann"]
[Black "chessrex"]
[Result "0-1"]
[ICCResult "White forfeits on time"]
[WhiteElo "1655"]
[BlackElo "1935"]
[Opening "Queen's pawn: Charlick (Englund) gambit"]
[ECO "A40"]
[NIC "QO.17"]
[Time "20:49:47"]
[TimeControl "180+0"]

1. d4 e5 2. dxe5 Nc6 3. Nf3 Nge7 4. g3 Ng6 5. Bf4 d6 6. Bg5 Qd7 7. exd6 Bxd6
8. Bg2 h6 9. Be3 Qe7 10. O-O O-O 11. c4 Be6 12. b3 Rad8 13. Qc2 Qf6 14. Nbd2
b6 15. Ne4 Qf5 16. Nfd2 Bb4 17. Rac1 Qa5 18. Nb1 Nd4 19. Bxd4 Rxd4 20. Rfd1
Rfd8 21. Rxd4 Rxd4 22. e3 Rd8 23. Qe2 f5 24. Nec3 Ne5 25. h4 Nd3 26. Rc2 Be7
27. a3 Qe5 28. Rd2 Nc5 29. b4 Nd7 30. Nd5 Bxd5 31. Bxd5+ Kh7 32. Qh5 g6 33.
Qf3 Nf6 34. Kg2 g5 35. hxg5 hxg5 36. Qe2 Kg6 37. Bf3 g4 38. Bc6 Rxd2 39.
Nxd2 Bd6 40. Qd3 Qb2 41. Nf1 Qe5 42. Nd2 Qb2 43. e4 Qe5 44. exf5+ Qxf5 45.
Ne4 Kg7 46. Qe3 Nxe4 47. Bxe4 Qe5 48. f3 gxf3+ 49. Qxf3 Qf6 50. Qg4+ Kf8 51.
Qc8+ Kg7 52. Qd7+ Qe7 53. Qg4+ Kf8 54. Qf5+ Qf7 55. Qc8+ Qe8 56. Qg4 Qxe4+
57. Qf3+ Qxf3+ {White forfeits on time} 0-1

[Event "ICCopen2017"]
[Site "Internet Chess Club"]
[Date "2017.03.19"]
[Round "9"]
[White "F83"]
[Black "searchforbobby1"]
[Result "1-0"]
[ICCResult "Black forfeits on time"]
[WhiteElo "1801"]
[BlackElo "1952"]
[Opening "Sicilian: Nimzovich-Rossolimo attack (without ...d6)"]
[ECO "B30"]
[NIC "SI.31"]
[Time "20:50:32"]
[TimeControl "180+0"]

1. e4 c5 2. Nf3 Nc6 3. Bb5 a6 4. Bxc6 dxc6 5. e5 Bg4 6. O-O e6 7. h3 Bh5 8.
Nc3 c4 9. b3 cxb3 10. axb3 Bc5 11. Ne4 Qd5 12. Re1 b5 13. d4 Be7 14. Qd3 Nh6
15. c4 Qd7 16. Bxh6 gxh6 17. Nf6+ Bxf6 18. exf6 Bg6 19. Qe3 Qd8 20. Qf4 Rg8
21. Ne5 Rc8 22. Rxa6 bxc4 23. bxc4 Bf5 24. Qf3 Qxf6 25. Rxc6 Rd8 26. Rc7 Rg7
27. Qc6+ Kf8 28. Rc8 Qe7 29. Nd7+ Kg8 30. Qc7 Rxg2+ 31. Kxg2 Qg5+ 32. Kh2
Rxc8 33. Qxc8+ Kg7 34. Qf8+ Kg6 35. Ne5+ {Black forfeits on time} 1-0

[Event "ICCopen2017"]
[Site "Internet Chess Club"]
[Date "2017.03.19"]
[Round "9"]
[White "x-plica"]
[Black "ElMarginal"]
[Result "1/2-1/2"]
[ICCResult "Black stalemated"]
[WhiteElo "1353"]
[BlackElo "1478"]
[Opening "KP: Nimzovich defense"]
[ECO "B00"]
[NIC "VO.05"]
[Time "20:50:27"]
[TimeControl "180+0"]

1. e4 Nc6 2. Nf3 Nf6 3. d3 d5 4. e5 Nd7 5. d4 g6 6. c3 Bg7 7. Bd2 Nb6 8. Be2
O-O 9. O-O Bf5 10. Qc1 f6 11. Bh6 fxe5 12. Bxg7 Kxg7 13. dxe5 Nc4 14. Bxc4
dxc4 15. Rd1 Qe8 16. Nbd2 Bg4 17. Re1 Qf7 18. Rf1 Qd5 19. Qe1 Bxf3 20. Nxf3
e6 21. Rd1 Qb5 22. Rd7+ Rf7 23. Qd2 Nxe5 24. Nxe5 Qxe5 25. Re1 Qf5 26. Qd4+
Qf6 27. Rxf7+ Kxf7 28. Qd7+ Qe7 29. Qd4 Rd8 30. Qxc4 Rd6 31. Qf4+ Kg8 32. h3
Rd5 33. Qc4 c6 34. Qe4 Kg7 35. Qxe6 Qxe6 36. Rxe6 Rd1+ 37. Kh2 Kf7 38. Re2
Ra1 39. a3 Rd1 40. Kg3 Rd6 41. f4 Kf6 42. Kf3 Re6 43. Re4 b5 44. g4 a5 45.
b3 Rxe4 46. Kxe4 Ke6 47. f5+ gxf5+ 48. gxf5+ Kd6 49. h4 h5 50. Kf4 Ke7 51.
Ke5 c5 52. f6+ Kf7 53. Kf5 b4 54. cxb4 c4 55. bxc4 axb4 56. axb4 Kf8 57. b5
Kf7 58. c5 Kf8 59. c6 Kf7 60. b6 Kf8 61. c7 Kf7 62. c8=Q {Black stalemated}
1/2-1/2

[Event "ICCopen2017"]
[Site "Internet Chess Club"]
[Date "2017.03.19"]
[Round "9"]
[White "Dupinpon"]
[Black "e8thatcat"]
[Result "0-1"]
[ICCResult "White forfeits on time"]
[WhiteElo "1579"]
[BlackElo "1419"]
[Opening "Scandinavian (center counter) defense"]
[ECO "B01"]
[NIC "SD.01"]
[Time "20:49:55"]
[TimeControl "180+0"]

1. e4 d5 2. exd5 Qxd5 3. Nc3 Qa5 4. d4 Nf6 5. Nf3 c6 6. Bd3 Bg4 7. h3 Bh5 8.
O-O e6 9. g4 Bg6 10. Ne5 Bxd3 11. Qxd3 Nbd7 12. Bf4 Nxe5 13. Bxe5 Be7 14.
Ne4 Nxe4 15. Qxe4 O-O 16. Bf4 Qd5 17. Qxd5 cxd5 18. c3 Rfd8 19. a4 Bd6 20.
Bxd6 Rxd6 21. a5 a6 22. Ra3 Re8 23. Rb3 Rd7 24. f4 f6 25. Re1 Kf7 26. Rb6 g6
27. h4 h6 28. Kf2 Ree7 29. b3 Rc7 30. Re3 f5 31. gxf5 gxf5 32. Rg3 Kf6 33.
h5 Rg7 34. Rg6+ Rxg6 35. hxg6 Re7 36. Kg3 Kxg6 37. Kh4 h5 38. c4 dxc4 39.
bxc4 Kf6 40. d5 Kf7 41. d6 Rd7 42. Kxh5 Kf6 43. c5 e5 44. fxe5+ Kxe5 45. Kg5
f4 46. Rb4 Rf7 47. Kg4 f3 48. Rb1 f2 49. Rf1 Kd5 50. Kg3 Kxc5 51. Rxf2 Rxf2
52. Kxf2 Kxd6 53. Ke3 Kc5 54. Kd3 Kb5 55. Kc3 Kxa5 56. Kb3 b5 57. Ka3 Kb6
58. Kb4 a5+ 59. Kb3 b4 60. Ka4 Kc5 61. Kb3 Kb5 {White forfeits on time} 0-1

[Event "ICCopen2017"]
[Site "Internet Chess Club"]
[Date "2017.03.19"]
[Round "9"]
[White "ural"]
[Black "skewerd"]
[Result "1/2-1/2"]
[ICCResult "Black stalemated"]
[WhiteElo "2451"]
[BlackElo "1788"]
[Opening "Sicilian defense"]
[ECO "B20"]
[NIC "SI.48"]
[Time "20:49:56"]
[TimeControl "180+0"]

1. e4 c5 2. b3 b6 3. Bb2 Bb7 4. Qf3 e6 5. Nc3 Nf6 6. O-O-O Nc6 7. Qg3 a6 8.
f4 d6 9. Nf3 h5 10. Ng5 h4 11. Qe1 Nd4 12. Bd3 Be7 13. Ne2 e5 14. Nxd4 cxd4
15. Rf1 Ng4 16. Nxf7 Kxf7 17. fxe5+ Ke8 18. e6 Ne5 19. Bxd4 Rf8 20. Bxe5
dxe5 21. Rxf8+ Kxf8 22. Qf2+ Bf6 23. Rf1 Kg8 24. Bc4 Qd4 25. e7+ Kh8 26.
Qxd4 exd4 27. Rf5 Kh7 28. Bf7 g5 29. Rxf6 Bxe4 30. e8=Q Rxe8 31. Bxe8 Bxg2
32. Rxb6 g4 33. Rxa6 g3 34. hxg3 h3 35. Ra5 Bf3 36. Re5 h2 37. Re1 h1=Q 38.
Rxh1+ Bxh1 39. b4 Bd5 40. b5 Kg7 41. Bc6 Bc4 42. b6 Ba6 43. b7 Bxb7 44. Bxb7
Kf6 45. d3 Ke5 46. Kb2 Kd6 47. g4 Kc5 48. g5 Kd6 49. g6 Ke7 50. a4 Kd6 51.
Be4 Kc5 52. a5 Kb4 53. g7 Kxa5 54. g8=Q Kb4 55. Qc8 Kb5 56. Kb3 Kb6 57. Kc4
Ka7 58. Kc5 {Black stalemated} 1/2-1/2

[Event "ICCopen2017"]
[Site "Internet Chess Club"]
[Date "2017.03.19"]
[Round "9"]
[White "Red-white"]
[Black "AlirezaFirouzja"]
[Result "0-1"]
[ICCResult "White resigns"]
[WhiteElo "3003"]
[BlackElo "2679"]
[Opening "King's Indian: 5.Nf3"]
[ECO "E90"]
[NIC "KI.20"]
[Time "20:49:38"]
[TimeControl "180+0"]

1. d4 Nf6 2. c4 g6 3. Nc3 Bg7 4. e4 d6 5. Nf3 O-O 6. h3 e5 7. d5 a5 8. g4
Na6 9. Be3 Nc5 10. Nd2 c6 11. Be2 Nfd7 12. h4 Nb6 13. Qc2 f5 14. gxf5 gxf5
15. O-O-O Kh8 16. Rdg1 Bf6 17. exf5 e4 18. dxc6 Bxf5 19. cxb7 Rb8 20. Nb5
Nd3+ 21. Bxd3 exd3 22. Qd1 Rxb7 23. Rg5 Nxc4 24. Nxc4 Rxb5 25. b3 d5 26.
Rxf5 Bg7 27. Rxf8+ Qxf8 28. Qxd3 dxc4 29. Qxc4 Rb8 30. Rg1 Rc8 {White
resigns} 0-1

[Event "ICCopen2017"]
[Site "Internet Chess Club"]
[Date "2017.03.19"]
[Round "9"]
[White "MaxiBomb"]
[Black "SWAT-TEAM"]
[Result "1-0"]
[ICCResult "Black forfeits on time"]
[WhiteElo "2122"]
[BlackElo "1860"]
[Opening "English opening"]
[ECO "A10"]
[NIC "EO.64"]
[Time "20:50:01"]
[TimeControl "180+0"]

1. c4 d6 2. g3 Nd7 3. Bg2 e5 4. Nc3 g6 5. e4 Bg7 6. Nge2 Ngf6 7. O-O O-O 8.
d3 c5 9. Bg5 a6 10. Qd2 b6 11. f4 h6 12. Bh4 Qc7 13. fxe5 dxe5 14. Bxf6 Nxf6
15. Nd5 Nxd5 16. cxd5 Bg4 17. Nc3 Qd7 18. a4 Bh3 19. Rf2 Bxg2 20. Kxg2 f5
21. Raf1 b5 22. axb5 axb5 23. h4 b4 24. Nd1 f4 25. Qe2 fxg3 26. Rxf8+ Rxf8
27. Rxf8+ Bxf8 28. Kxg3 Be7 29. b3 Qd8 30. Qg4 Kh7 31. Ne3 h5 32. Qh3 Qf8
33. Qf1 Qg7 34. Nc4 Kg8 35. d6 Bd8 36. Qf2 Qd7 37. Qf3 Qe6 38. Qh1 Qg4+ 39.
Kf2 Bxh4+ 40. Ke3 Bg5+ 41. Kf2 Bh4+ 42. Ke3 Bg5+ 43. Kf2 Qf4+ 44. Kg2 Qg4+
45. Kf2 Qf4+ 46. Kg2 Qh4 47. Qxh4 Bxh4 48. d7 Bd8 49. Nxe5 Kg7 50. Nc6 Kg8
51. Nxd8 Kg7 52. Ne6+ Kf6 53. d8=Q+ Ke5 54. Qc8 Kf6 55. Qxc5 Kxe6 56. Qc4+
Kf6 57. Qxb4 Kg5 58. Qc4 Kh6 59. Qd5 h4 60. e5 Kh5 61. Kh3 g5 62. Qf3+ g4+
63. Qxg4+ Kh6 64. e6 Kh7 65. e7 Kh8 66. e8=Q+ Kh7 67. Qeg8+
{Black forfeits on time}
1-0

[Event "ICCopen2017"]
[Site "Internet Chess Club"]
[Date "2017.03.19"]
[Round "9"]
[White "CeffylGlas"]
[Black "cheslikeyomama"]
[Result "1-0"]
[ICCResult "Black forfeits on time"]
[WhiteElo "1277"]
[BlackElo "1356"]
[Opening "Modern defense: Averbakh system"]
[ECO "A10"]
[NIC "KF.02"]
[Time "20:49:57"]
[TimeControl "180+0"]

1. c4 g6 2. d4 Bg7 3. Nc3 d6 4. e4 Nd7 5. g3 Nh6 6. Nge2 c5 7. Bg2 cxd4 8.
Nxd4 O-O 9. Nde2 Ne5 10. b3 f5 11. Qc2 Nhg4 12. h3 Nh6 13. Be3 Be6 14. Nf4
Bd7 15. Rd1 Nhf7 16. exf5 Bxf5 17. Qd2 h6 18. g4 g5 19. gxf5 gxf4 20. Bxf4
Qa5 21. Nd5 Nf3+ 22. Bxf3 Ne5 23. Nxe7+ Kh8 24. Ng6+ Nxg6 25. fxg6 Qxd2+ 26.
Rxd2 Rxf4 27. Bxb7 Re8+ 28. Kf1 Ref8 29. b4 R8f6 30. Bd5 Rxg6 31. Rg1 Rgf6
32. c5 Rd4 33. Rxd4 Rxf2+ 34. Kxf2 Bxd4+ 35. Kg2 {Black forfeits on time}
1-0

[Event "ICCopen2017"]
[Site "Internet Chess Club"]
[Date "2017.03.19"]
[Round "9"]
[White "star-night"]
[Black "GYMEJR"]
[Result "1-0"]
[ICCResult "Black forfeits on time"]
[WhiteElo "1949"]
[BlackElo "1591"]
[Opening "Sicilian defense"]
[ECO "B30"]
[NIC "SI.31"]
[Time "20:50:02"]
[TimeControl "180+0"]

1. e4 c5 2. Nf3 Nc6 3. d3 g6 4. g3 Bg7 5. Bg2 d6 6. O-O e6 7. c3 Nge7 8.
Nbd2 O-O 9. a4 Qc7 10. Re1 b6 11. Nc4 Bb7 12. Nfd2 a6 13. f4 b5 14. Na3 Qb6
15. axb5 axb5 16. Nf3 f5 17. Ng5 Nd8 18. Be3 h6 19. Nh3 Qc6 20. Qb3 d5 21.
Qxb5 Qxb5 22. Nxb5 Rxa1 23. Rxa1 dxe4 24. Bxc5 exd3 25. Bxe7 Bxg2 26. Kxg2
Re8 27. Bd6 Nc6 28. Rd1 e5 29. fxe5 Nxe5 30. Bxe5 Rxe5 31. Nd4 Re3 32. Kf2
Bxd4 33. cxd4 Re2+ 34. Kf3 Rxh2 35. Nf2 Rh5 36. Rxd3 g5 37. d5 g4+ 38. Kg2
Kf8 39. d6 Ke8 40. d7+ Kd8 41. Rd5 Rg5 42. Nd3 f4 43. Nxf4 Rxd5 44. Nxd5
Kxd7 45. Ne3 h5 46. Nf5 Ke6 47. Nh4 Ke5 48. Kf2 Kd4 49. b4 Kc4 50. Ke3 Kxb4
51. Kf4 Kc3 52. Kg5 Kd3 53. Kxh5 Ke3 54. Kxg4 Kf2 55. Kf4 Ke2 56. g4 Kd3 57.
g5 Kd4 58. g6 Kd5 59. g7 Ke6 60. g8=Q+ Kd6 61. Qg6+ Kc5 62. Qe4 Kd6 63. Nf5+
Kc5 64. Qd4+ Kc6 65. Qd6+ Kb5 66. Nd4+ Kc4 67. Ke4 Kc3 68. Nb5+ Kc4 69. Qd5+
Kb4 70. Kd3 Ka5 71. Nc3+ Kb6 72. Qb5+ Kc7 73. Kd4 Kd6 74. Qd5+ Ke7 75. Kc5
Kf6 76. Qe4 {Black forfeits on time} 1-0

[Event "ICCopen2017"]
[Site "Internet Chess Club"]
[Date "2017.03.19"]
[Round "9"]
[White "pabrazilian"]
[Black "RockyTop"]
[Result "0-1"]
[ICCResult "White checkmated"]
[WhiteElo "1408"]
[BlackElo "1581"]
[Opening "Sicilian: closed"]
[ECO "B23"]
[NIC "SI.44"]
[Time "20:50:50"]
[TimeControl "180+0"]

1. e4 c5 2. Nc3 g6 3. Nf3 Nc6 4. d3 Bg7 5. Be3 Nd4 6. Qd2 e5 7. O-O-O Ne7 8.
h3 d6 9. Nd5 Nxd5 10. exd5 Nxf3 11. gxf3 Bd7 12. Kb1 Qb6 13. c4 O-O-O 14. f4
Bf5 15. fxe5 Bxe5 16. f4 Bf6 17. b3 h5 18. h4 Rhe8 19. Bh3 Bxh3 20. Rxh3 Re7
21. d4 Rde8 22. dxc5 dxc5 23. Re1 Qd6 24. Bf2 Rxe1+ 25. Bxe1 Qe7 26. Bf2
Qe4+ 27. Qc2 Qxf4 28. Rh1 Qe5 29. Kc1 Qf4+ 30. Kb1 Qf3 31. Rf1 Re2 32. Qd1
Qe4+ 33. Kc1 Bb2# {White checkmated} 0-1

[Event "ICCopen2017"]
[Site "Internet Chess Club"]
[Date "2017.03.19"]
[Round "9"]
[White "INDIAN-ELEPHANT"]
[Black "Indiana-Jones"]
[Result "1-0"]
[ICCResult "Black forfeits on time"]
[WhiteElo "2759"]
[BlackElo "2760"]
[Opening "QGD Slav: Dutch variation"]
[ECO "D18"]
[NIC "SL.04"]
[Time "20:50:06"]
[TimeControl "180+0"]

1. d4 d5 2. Nf3 c6 3. c4 Nf6 4. Nc3 dxc4 5. a4 Bf5 6. e3 e6 7. Bxc4 Nbd7 8.
O-O Bb4 9. Qe2 O-O 10. h3 c5 11. Rd1 Bxc3 12. bxc3 Qc7 13. Nh4 Be4 14. f3
Bd5 15. Bd3 Bb3 16. Rf1 Nd5 17. f4 c4 18. Bc2 Nxc3 19. Qd2 Nd5 20. e4 c3 21.
Qf2 Bxc2 22. Qxc2 Nb4 23. Qb3 a5 24. f5 Qc6 25. fxe6 Qxe6 26. Qxc3 Qxe4 27.
Nf5 Qd3 28. Qe1 Nf6 29. Qh4 Nbd5 30. Nxg7 Qe4 31. Qxe4 Nxe4 32. Nf5 f6 33.
Ba3 Rfe8 34. Rae1 Rac8 35. Rf3 Ng5 36. Rff1 Ne4 37. Rf3 Ng5 38. Rff1 Ne4 39.
Bc5 b6 40. Ba3 Re6 41. Nh6+ Kg7 42. Nf5+ Kg8 43. Rxe4 Rxe4 44. Nd6 Rce8 45.
Nxe4 Rxe4 46. Rd1 Re2 47. Rd3 Nf4 48. Rg3+ Kf7 49. Kf1 Ra2 50. Rf3 Nd5 51.
Bd6 Ra1+ 52. Kf2 Rxa4 53. Kg3 Ra2 54. Be5 Re2 55. Bd6 Ke6 56. Ba3 Re3 57.
Rxe3+ Nxe3 58. Kf3 Nf5 59. g4 Nxd4+ 60. Ke4 f5+ 61. Kxd4 fxg4 62. hxg4 h5
63. gxh5 Kf6 64. h6 Kg6 65. Bf8 Kh7 66. Bg7 b5 67. Kc3 b4+ 68. Kb3
{Black forfeits on time}
1-0

[Event "ICCopen2017"]
[Site "Internet Chess Club"]
[Date "2017.03.19"]
[Round "9"]
[White "Pschaak"]
[Black "unkavalo"]
[Result "0-1"]
[ICCResult "White forfeits on time"]
[WhiteElo "1753"]
[BlackElo "2423"]
[Opening "Trompowsky attack (Ruth, Opocenský opening)"]
[ECO "A45"]
[NIC "QP.07"]
[Time "20:49:03"]
[TimeControl "180+0"]

1. d4 Nf6 2. Bg5 c5 3. Bxf6 gxf6 4. d5 Qb6 5. Qc1 Bh6 6. e3 f5 7. g3 e5 8.
Bg2 f4 9. exf4 exf4 10. Ne2 fxg3 11. Qxh6 gxf2+ 12. Kxf2 Qxh6 13. Re1 O-O
14. Nbc3 d6 15. Nb5 Na6 16. Ng3 Bd7 17. Nc3 Rfe8 18. Kg1 Rxe1+ 19. Rxe1 Re8
20. Rf1 Qd2 21. Nge4 Qd4+ 22. Kh1 f5 23. Nxd6 Rf8 24. Nxb7 Nb4 25. Rd1 Qf2
26. Nd6 Nxc2 27. Rf1 Qd4 28. Rd1 Qb4 29. Rg1 Kh8 30. Nd1 f4 31. Bf3 Nd4 32.
Be4 f3 33. Nf2 Qxb2 34. Ng4 f2 35. Rf1 Bxg4 36. Kg2 Be2 37. Rxf2 Rxf2+ 38.
Kxf2 Bd3+ 39. Ke3 Qe2+ 40. Kf4 Qxh2+ 41. Ke3 Qxd6 42. Kxd3 Qe5 43. Bh1 Nf5
44. Kc4 Qd4+ 45. Kb5 c4 46. Bf3 c3 47. Kc6 c2 48. Kd7 c1=Q 49. Ke6 Ng7+ 50.
Kf7 Qcf4+ 51. Ke7 Qde5+ {White forfeits on time} 0-1

[Event "ICCopen2017"]
[Site "Internet Chess Club"]
[Date "2017.03.19"]
[Round "9"]
[White "Burning-Bush"]
[Black "JUGGERNOT"]
[Result "0-1"]
[ICCResult "White forfeits on time"]
[WhiteElo "1873"]
[BlackElo "1798"]
[Opening "Queen's pawn game"]
[ECO "D00"]
[NIC "QP.08"]
[Time "20:52:38"]
[TimeControl "180+0"]

1. d4 d5 2. g4 Bxg4 3. Bg2 c6 4. h3 Bf5 5. Nf3 e6 6. Bg5 Be7 7. Bf4 Bd6 8.
Bxd6 Qxd6 9. Nbd2 Ne7 10. Nh4 Nd7 11. Nxf5 Nxf5 12. c3 O-O-O 13. a4 f6 14.
e4 Ne7 15. O-O dxe4 16. Nxe4 Qf4 17. Re1 Nd5 18. a5 a6 19. c4 Nc7 20. Qb3 f5
21. Nc3 g5 22. Ne2 Qh4 23. Rac1 g4 24. hxg4 Qxg4 25. d5 Rhg8 26. Ng3 exd5
27. cxd5 f4 28. dxc6 Nb5 29. cxb7+ Kb8 30. Re4 Qg5 31. Qf3 fxg3 32. fxg3
Qxc1+ 33. Kh2 Rg6 34. Rh4 Ne5 35. Qe2 Qc7 {White forfeits on time} 0-1

[Event "ICCopen2017"]
[Site "Internet Chess Club"]
[Date "2017.03.19"]
[Round "9"]
[White "mrneale"]
[Black "WoodPushkin"]
[Result "0-1"]
[ICCResult "White resigns"]
[WhiteElo "1079"]
[BlackElo "1490"]
[Opening "Sicilian: Alapin's variation (2.c3)"]
[ECO "B22"]
[NIC "SI.46"]
[Time "20:49:52"]
[TimeControl "180+0"]

1. e4 c5 2. c3 e6 3. d4 cxd4 4. cxd4 d6 5. Nf3 Be7 6. Bb5+ Bd7 7. Bxd7+ Qxd7
8. O-O Nf6 9. Nc3 O-O 10. e5 dxe5 11. dxe5 Qxd1 12. Rxd1 Nfd7 13. Bf4 Rd8
14. Ne4 Nc6 15. Nd6 Bxd6 16. exd6 Nf6 17. a3 Rd7 18. Ne5 Nxe5 19. Bxe5 Ne8
20. Rd2 f6 21. Bg3 Rad8 22. Rad1 e5 23. f4 Rxd6 24. Rxd6 Rxd6 25. Rxd6 Nxd6
26. fxe5 Nc4 27. e6 Kf8 28. Bb8 a6 29. b4 Ke7 30. a4 Kxe6 31. b5 axb5 32.
axb5 Kd5 33. b6 Nxb6 34. Ba7 Nc4 35. Kf2 b5 36. Ke2 b4 37. Kd1 Ke4 38. Kc2
f5 39. Kb3 Ne3 40. Bxe3 Kxe3 41. Kxb4 Kf2 42. Kc4 Kxg2 43. Kd4 g6 44. Ke5
Kxh2 45. Kf4 Kh3 46. Kg5 Kg3 47. Kh6 f4 {White resigns} 0-1

[Event "ICCopen2017"]
[Site "Internet Chess Club"]
[Date "2017.03.19"]
[Round "9"]
[White "UkeCat"]
[Black "lazywillis"]
[Result "0-1"]
[ICCResult "White forfeits on time"]
[WhiteElo "1091"]
[BlackElo "1160"]
[Opening "Queen's pawn: Yusupov-Rubinstein system"]
[ECO "A46"]
[NIC "QP.06"]
[Time "20:54:36"]
[TimeControl "180+0"]

1. d4 Nf6 2. Nf3 e6 3. e3 b6 4. Bd3 Bb7 5. Nbd2 Bb4 6. O-O O-O 7. a3 Bd6 8.
b3 Nc6 9. Bb2 Re8 10. Ne5 Nxe5 11. dxe5 Bxe5 12. Bxe5 d6 13. Bb2 Nd5 14. Nf3
e5 15. c4 e4 16. cxd5 Bxd5 17. Bb5 exf3 18. Bxe8 fxg2 19. Re1 Bxb3 20. Bxf7+
Bxf7 21. Qd4 Qf6 22. Qb4 Qg6 23. Rad1 Re8 24. Rd4 Re5 25. Red1 c5 26. Rg4
cxb4 27. Rxg6 Bxg6 28. axb4 Rb5 29. Bc3 d5 30. Kxg2 Be4+ 31. Kf1 a5 32. bxa5
bxa5 33. Bd4 a4 34. Ra1 Rb4 35. Bc5 Rc4 36. Bd4 Rc2 37. Ke1 a3 38. Rxa3 Rc1+
39. Kd2 Rc4 40. Ra8+ Kf7 41. Ra7+ Kg6 42. Ra6+ Kh5 43. Bxg7 Kh4 44. Rh6+ Kg4
45. Bd4 Kf3 46. Rf6+ Kg2 {White forfeits on time} 0-1

[Event "ICCopen2017"]
[Site "Internet Chess Club"]
[Date "2017.03.19"]
[Round "9"]
[White "hamlet"]
[Black "flashlight"]
[Result "0-1"]
[ICCResult "White resigns"]
[WhiteElo "1668"]
[BlackElo "2076"]
[Opening "Sicilian: Najdorf, Lipnitzky attack"]
[ECO "B86"]
[NIC "SI.13"]
[Time "20:49:20"]
[TimeControl "180+0"]

1. e4 c5 2. Nf3 d6 3. d4 cxd4 4. Nxd4 Nf6 5. Nc3 a6 6. Bc4 e6 7. Bb3 Nbd7 8.
O-O Nc5 9. Qf3 Be7 10. Re1 O-O 11. Qg3 Nxb3 12. axb3 Qb6 13. Be3 Qc7 14. Bh6
Ne8 15. Red1 Kh8 16. Be3 Bd7 17. Ndb5 Qb8 18. Nd4 b5 19. Rd2 Nf6 20. Rad1
Rd8 21. Nf3 b4 22. Ne2 Nxe4 23. Qh3 Nxd2 24. Rxd2 Bf6 25. Nf4 e5 26. Qh5
exf4 27. Bxf4 Bc6 28. Ng5 Bxg5 29. Bxg5 Re8 30. Be3 Re6 31. Rd4 Rg6 32. f3
Qe8 33. Kf2 Qe5 34. Qh3 Re8 35. Rd3 Kg8 36. Rd4 Qxe3+ {White resigns} 0-1

[Event "ICCopen2017"]
[Site "Internet Chess Club"]
[Date "2017.03.19"]
[Round "10"]
[White "Sc6"]
[Black "Koval"]
[Result "0-1"]
[ICCResult "White checkmated"]
[WhiteElo "1607"]
[BlackElo "1917"]
[Opening "Sicilian: dragon, Yugoslav attack, 9...Bd7"]
[ECO "B77"]
[NIC "SI.18"]
[Time "21:03:06"]
[TimeControl "180+0"]

1. e4 c5 2. Nf3 d6 3. d4 cxd4 4. Nxd4 Nf6 5. Nc3 g6 6. Bc4 Bg7 7. f3 O-O 8.
Be3 Nc6 9. Qd2 Bd7 10. Bb3 Ne5 11. O-O-O Qa5 12. Kb1 Rfc8 13. h4 Rab8 14.
Bh6 Bxh6 15. Qxh6 Rxc3 16. bxc3 Qxc3 17. h5 Nxh5 18. g4 Nf6 19. Nf5 Bxf5 20.
gxf5 b5 21. fxg6 Nc4 22. gxf7+ Kxf7 23. Rhg1 Qb2# {White checkmated} 0-1

[Event "ICCopen2017"]
[Site "Internet Chess Club"]
[Date "2017.03.19"]
[Round "10"]
[White "WoodPushkin"]
[Black "Massada"]
[Result "0-1"]
[ICCResult "White resigns"]
[WhiteElo "1452"]
[BlackElo "1491"]
[Opening "Caro-Kann defense"]
[ECO "B10"]
[NIC "CK.01"]
[Time "21:03:46"]
[TimeControl "180+0"]

1. e4 c6 2. Nf3 d5 3. exd5 cxd5 4. Bb5+ Nc6 5. d4 Bg4 6. h3 Bxf3 7. Qxf3 e6
8. Bf4 Qb6 9. Bxc6+ bxc6 10. Qc3 Bb4 {White resigns} 0-1

[Event "ICCopen2017"]
[Site "Internet Chess Club"]
[Date "2017.03.19"]
[Round "10"]
[White "fueguino"]
[Black "rovov"]
[Result "1-0"]
[ICCResult "Black checkmated"]
[WhiteElo "1876"]
[BlackElo "1766"]
[Opening "QGD Slav: Tolush-Geller gambit"]
[ECO "D15"]
[NIC "SL.03"]
[Time "21:04:12"]
[TimeControl "180+0"]

1. d4 d5 2. c4 c6 3. Nc3 Nf6 4. Nf3 dxc4 5. e4 b5 6. e5 Nd5 7. a4 e6 8. axb5
Nxc3 9. bxc3 cxb5 10. Ng5 Bb7 11. Qh5 g6 12. Qg4 Be7 13. h4 h5 14. Qf4 Nd7
15. Qxf7# {Black checkmated} 1-0